 Dungeon Crawl Stone Soup version 0.19.1 (webtiles) character file.

199 empire the Insei (level 5, -2/42 HPs)
             Began as a Draconian Transmuter on Dec 13, 2016.
             Slain by Natasha (9 damage)
             ... on level 3 of the Dungeon.
             The game lasted 00:05:43 (3093 turns).

empire the Insei (Draconian Transmuter)             Turns: 3093, Time: 00:05:43

Health: -2/42      AC:  5    Str: 12    XL:     5   Next: 48%
Magic:  8/9        EV: 13    Int: 14    God:
Gold:   128        SH:  0    Dex: 12    Spells: 3 memorised, 1 level left

rFire  . . .     SeeInvis .       - Unarmed
rCold  . . .     Gourm    .     (armour unavailable)
rNeg   . . .     Faith    .     (no shield)
rPois  .         Spirit   .     (helmet restricted)
rElec  .         Reflect  .     (no cloak)
rCorr  .         Harm     .     (no gloves)
MR     .....                    (no boots)
Stlth  +.........               (no amulet)
                                (no ring)
                                (no ring)

@: appendage (expiring)
A: unfitting armour, horns 2, cold-blooded, AC +5
a: End Transformation


You were on level 3 of the Dungeon.
You were not hungry.
You had grown temporary horns.
You visited 1 branch of the dungeon, and saw 3 of its levels.

You collected 128 gold pieces.

Inventory:

Hand Weapons
 l - a +1 dagger of speed
Missiles
 a - 44 arrows
 f - 3 curare-tipped needles
 i - 28 bolts
 j - 7 poisoned needles
Scrolls
 g - 2 scrolls of identify
 h - 2 scrolls of remove curse
 o - a scroll of teleportation {unknown}
Potions
 e - a potion of lignification {unknown}
Books
 b - a book of Changes

   Spells                             Type                      Level
   a - Beastly Appendage              Transmutation                1
   b - Sticks to Snakes               Transmutation                2
   c - Spider Form                    Transmutation/Poison         3
   d - Ice Form                       Ice/Transmutation            4
   e - Blade Hands                    Transmutation                5
Comestibles
 c - 3 bread rations
 d - a slice of pizza
 k - 4 fruits
 m - 2 beef jerkies
 n - 3 chunks of flesh


   Skills:
 + Level 2.6 Fighting
 + Level 2.9 Dodging
 + Level 3.9 Unarmed Combat
 + Level 2.7 Spellcasting
 + Level 2.8 Transmutations
 + Level 0.4 Ice Magic
 + Level 0.6 Poison Magic


You had one spell level left.
You knew the following spells:

 Your Spells              Type           Power        Failure   Level  Hunger
a - Beastly Appendage     Tmut           #.....       10%         1    #......
b - Spider Form           Tmut/Pois      #.........   38%         3    ###....
c - Ice Form              Ice/Tmut       #.......     95%         4    #####..


Dungeon Overview and Level Annotations

Branches:
Dungeon (3/15)

Altars:
Qazlal
Sif Muna
Trog
Vehumet

Annotations:
D:2 Sigmund
D:3 Natasha


Innate Abilities, Weirdness & Mutations

Your plain brown scales are hard. (AC +5)
You cannot fit into any form of body armour.
You are cold-blooded and may be slowed by cold attacks.
You have a pair of horns on your head.


Message History

You barely miss Natasha.
Natasha is moderately wounded.
Natasha stares at you and mumbles some strange words.
The magic dart hits you!
Some of the chunks of flesh in your inventory have rotted away.
You closely miss Natasha. You tail-slap Natasha.
Natasha is moderately wounded.
Natasha claws you.
You closely miss Natasha.
Your tail-slap misses Natasha.
Natasha is moderately wounded.
Natasha stares at you and mumbles some strange words.
The magic dart hits you!
* * * LOW HITPOINT WARNING * * *
You hit Natasha but do no damage.
Your tail-slap misses Natasha.
Natasha is moderately wounded.
Natasha claws you but does no damage.
You closely miss Natasha.
Natasha is moderately wounded.
Natasha claws you!
You die...

#.# #.# ### #.# #.. #.# #.# #.##
. ##.#### #... .. #.....# # #...
###.##.....######.###########...
...............@h5..............
# # #........##########....##..
#.##. #.....##.# #....###.
#....##.<...##... #....# #.
#..(.......###.# #....# #.
#..........###.# #....####
#............. # #######.......
##..........#######...###.......
..'.............)..'...'.........


You could see Natasha and a shadow imp.

Vanquished Creatures
  Natasha (twice) (D:3)
  4 gnolls (D:3)
  5 adders
  2 worms (D:2)
  2 dart slugs
  A leopard gecko (D:2)
  An orc (D:3)
  2 giant cockroaches (D:1)
  5 goblins
  8 hobgoblins
  11 kobolds
  6 bats
  5 frilled lizards
  9 rats
63 creatures vanquished.

Notes
Turn   | Place    | Note
-------+----------+-------------------------------------------
     0 | D:1      | empire the Draconian Transmuter began the quest for the Orb.
     0 | D:1      | Reached XP level 1. HP: 16/16 MP: 3/3
   235 | D:1      | Reached XP level 2. HP: 9/23 MP: 5/5
  1213 | D:2      | Reached XP level 3. HP: 27/28 MP: 6/6
  1830 | D:2      | Found a bloodstained altar of Trog.
  1857 | D:2      | Reached XP level 4. HP: 24/36 MP: 5/7
  2402 | D:2      | Noticed Sigmund
  2566 | D:3      | Learned a level 3 spell: Spider Form
  2571 | D:3      | Learned a level 4 spell: Ice Form
  2679 | D:3      | Reached XP level 5. HP: 32/42 MP: 7/9
  2827 | D:3      | Noticed Natasha
  2838 | D:3      | Killed Natasha
  2918 | D:3      | Found a deep blue altar of Sif Muna.
  2962 | D:3      | Found a stormy altar of Qazlal.
  2962 | D:3      | Found a radiant altar of Vehumet.
  3035 | D:3      | Noticed Natasha
  3040 | D:3      | Killed Natasha
  3081 | D:3      | Noticed Natasha
  3093 | D:3      | Slain by Natasha

Skill      XL: |  1  2  3 |
---------------+----------+-----
Dodging        | 2 |  2.9
Fighting       | 2 |  2.6
Unarmed Combat | |  3.9
Spellcasting   | |  2.7
Transmutations | |  2.8
Ice Magic      | |  0.4
Poison Magic   | |  0.6

Action                   |  1- 3 |  4- 6 || total
-------------------------+-------+-------++-------
Melee: Unarmed           |   137 |   108 ||   245
       Tailslap          |     8 |    11 ||    19
       Kick              |     6 |     2 ||     8
       Headbutt          |     2 |     6 ||     8
       Punch             |     2 |     2 ||     4
 Cast: Beastly Appendage |     5 |     7 ||    12
  Use: Scroll            |     2 |       ||     2
       Potion            |     3 |     2 ||     5
 Stab: Sleeping          |     2 |       ||     2
  Eat: Chunk             |     2 |     5 ||     7
Armor: Skin              |    60 |    27 ||    87
Dodge: Dodged            |   113 |    82 ||   195
